 Dungeon Crawl Stone Soup version 0.24.0-2-g5b39cebb1c (console) character file.

Game seed: 12753648639350997696, levelgen mode: deterministic

4 Kagalorn the Vexing (level 1, -1/17 HPs)
             Began as a Gnoll Wanderer on Oct 30, 2019.
             Slain by a jackal (3 damage)
             ... on level 1 of the Dungeon.
             The game lasted 00:01:27 (170 turns).

Kagalorn the Vexing (Gnoll Wanderer)                 Turns: 170, Time: 00:01:27

Health: -1/17      AC:  2    Str: 14    XL:     1   Next: 70%
Magic:  4/4        EV: 11    Int: 13    God:
Gold:   44         SH:  0    Dex: 15    Spells: 4/5 levels left

rFire    . . .     SeeInvis .   a - +0 dagger
rCold    . . .     Gourm    .   (no shield)
rNeg     . . .     Faith    .   c - +0 robe
rPois    .         Spirit   .   (no helmet)
rElec    .         Reflect  .   (no cloak)
rCorr    .         Harm     .   (no gloves)
MR       .....                  (no boots)
Stlth    +++.......             (no amulet)
HPRegen  0.05/turn              (no ring)
MPRegen  0.09/turn              (no ring)

@: no status effects
A: distributed training, fangs 1, strong nose
a: no special abilities


You were on level 1 of the Dungeon.
You were not hungry.

You visited 1 branch of the dungeon, and saw 1 of its levels.

You collected 44 gold pieces.

Inventory:

Hand Weapons
 a - a +0 dagger (weapon)
Missiles
 g - 47 stones (quivered)
 i - 26 bolts
Armour
 c - a +0 robe (worn)
Scrolls
 b - a scroll of remove curse {unknown}
 e - 2 scrolls of fear {unknown}
 h - a scroll of blinking {unknown}
Potions
 d - a potion of magic {unknown}
Comestibles
 f - a ration


   Skills:
 + Level 2.4 Fighting
 + Level 0.1 Short Blades
 + Level 0.1 Long Blades
 + Level 0.1 Axes
 + Level 0.1 Maces & Flails
 + Level 0.1 Polearms
 + Level 0.1 Staves
 + Level 0.1 Slings
 + Level 0.1 Bows
 + Level 0.1 Crossbows
 + Level 0.1 Throwing
 + Level 4.4 Armour
 + Level 0.1 Dodging
 + Level 4.0 Stealth
 + Level 0.1 Shields
 + Level 0.1 Unarmed Combat
 + Level 2.6 Spellcasting
 + Level 0.1 Conjurations
 + Level 7.0 Hexes
 + Level 0.1 Charms
 + Level 0.1 Summonings
 + Level 0.1 Necromancy
 + Level 0.1 Translocations
 + Level 0.1 Transmutations
 + Level 0.1 Fire Magic
 + Level 0.1 Ice Magic
 + Level 0.1 Air Magic
 + Level 0.1 Earth Magic
 + Level 0.1 Poison Magic
 + Level 0.2 Invocations
 + Level 0.1 Evocations


You had 4 spell levels left.
You knew the following spells:

 Your Spells              Type           Power        Failure   Level  Hunger
a - Corona                Hex            ###....      1%          1    #......

Your spell library contained the following spells:

 Spells                   Type           Power        Failure   Level  Hunger
 Slow                     Hex            ###.....     1%          2    ###....
 Confuse                  Hex            ###.....     4%          3    ###....
 Tukima's Dance           Hex            ###.....     4%          3    ###....
 Ensorcelled Hibernation  Hex/Ice        ##....       9%          2    ###....
 Dazzling Spray           Conj/Hex       ##....       17%         3    ###....


Dungeon Overview and Level Annotations

Branches:
Dungeon (1/15)

Altars:


Innate Abilities, Weirdness & Mutations

Your experience applies equally to all skills.
You have very sharp teeth.
Your uncanny sense of smell can sniff out nearby items.


Message History

The jackal is severely wounded.
You hear a shout!
You hit the jackal but do no damage. You hit the jackal but do no damage.
The jackal bites you.
* * * LOW HITPOINT WARNING * * *
The jackal barely misses you.
You hit the jackal.
The jackal is severely wounded.
The jackal bites you.
* * * LOW HITPOINT WARNING * * *
You hit the jackal.
The jackal is almost dead.
The jackal misses you.
You closely miss the jackal.
The jackal is almost dead.
The jackal barely misses you. x2
You hit the jackal but do no damage. Your bite misses the jackal.
The jackal is almost dead.
The jackal stops glowing.
The jackal bites you.
You die...

## #. #.#######
#h#.....# # #.#...#.#
# #.###.#.# #
#hh@....# ##
##########.### .#
#............#
.########......###.#.#
...................#.#
#########......###.#.#
### ####.### ###.#
..##########.# #####.#
..#..........# #...#.#


You could see 2 jackals.

Vanquished Creatures
  A bat (D:1)
  2 hobgoblins (D:1)
  A rat (D:1)
4 creatures vanquished.

Notes
Turn   | Place    | Note
-------+----------+-------------------------------------------
     0 | D:1      | Kagalorn the Gnoll Wanderer began the quest for the Orb.
     0 | D:1      | Kagalorn set off with the following items: a +0 dagger, a
                  | +0 robe, a ration; and the following spell memorised:
                  | Corona; and the following spells available to memorise:
                  | Slow, Confuse, Tukima's Dance, Ensorcelled Hibernation,
                  | Dazzling Spray
     0 | D:1      | Reached XP level 1. HP: 17/17 MP: 4/4
   170 | D:1      | Slain by a jackal

Levels and vault maps discovered:
D:1:      dpeg_arrival_arbitrary_c, layout_basic, hangedman_decor_growths

Action                   || total
-------------------------++-------
Melee: Dagger            ||    28
       Bite              ||     3
 Cast: Corona            ||     5
Armor: Robe              ||     5
Dodge: Dodged            ||    15
